 Dungeon Crawl Stone Soup version 0.27.1 (webtiles) character file.

Game seed: 7569518986775260

581 H0rd4k the Summoner (level 7, -11/51 HPs)
             Began as a Barachi Summoner on Aug 23, 2021.
             Killed from afar by a steam dragon (25 damage)
             ... with a ball of steam
             ... on level 6 of the Dungeon.
             The game lasted 00:16:21 (7472 turns).

H0rd4k the Summoner (Barachi Summoner)              Turns: 7472, Time: 00:16:21

Health: -11/51     AC:  2    Str:  9    XL:     7   Next: 36%
Magic:  6/14       EV: 12    Int: 17    God:
Gold:   194        SH:  0    Dex: 13    Spells: 12/16 levels left

rFire    . . .     SeeInvis .   r - +2 dagger (venom)
rCold    . . .     Faith    .   (no shield)
rNeg     . . .     Spirit   .   a - +0 robe
rPois    .         Reflect  .   (no helmet)
rElec    .         Harm     .   (no cloak)
rCorr    .         Rampage  .   (no gloves)
Will     .....                  (no boots)
Stlth    ++........             (no amulet)
HPRegen  0.17/turn              (no ring)
MPRegen  0.14/turn              (no ring)

@: unable to hop, slow
A: amphibious, slowness 1, strong legs 1, +LOS
a: Hop


You were on level 6 of the Dungeon.
You visited 1 branch of the dungeon, and saw 6 of its levels.

You collected 194 gold pieces.

Inventory:

Hand Weapons
 r - a +2 dagger of venom (weapon)
Armour
 a - a +0 robe (worn)
 j - a scarf of harm
Magical Staves
 b - a staff of fire
 m - a staff of cold
Wands
 n - a wand of paralysis (11)
 o - a wand of flame (11)
 v - a wand of polymorph (13)
Scrolls
 c - a scroll of enchant weapon {unknown}
 d - a scroll of amnesia {unknown}
 e - a scroll of enchant armour {unknown}
 f - a scroll of immolation {unknown}
 h - a scroll of fear {unknown}
 l - 5 scrolls of teleportation {unknown}
 s - 5 scrolls of identify {unknown}
Potions
 g - 2 potions of magic {unknown}
 i - 4 potions of heal wounds
 k - 3 potions of lignification {unknown}
 p - 2 potions of mutation {unknown}
 q - a potion of cancellation {unknown}
 t - a potion of curing {unknown}
 u - a potion of ambrosia


   Skills:
 + Level 2.3 Fighting
 + Level 0.1 Staves
 + Level 2.3 Dodging
 - Level 1.7 Stealth
 * Level 5.2 Spellcasting
 * Level 8.1 Summonings


You had 12 spell levels left.
You knew the following spells:

 Your Spells              Type           Power      Damage    Failure   Level
a - Summon Small Mammal   Summ           100%       N/A       1%          1
b - Call Canine Familiar  Summ           32%        N/A       1%          3

Your spell library contained the following spells:

 Spells                   Type           Power      Damage    Failure   Level
 Call Imp                 Summ           32%        N/A       1%          2
 Summon Guardian Golem    Hex/Summ       18%        N/A       8%          3
 Animate Skeleton         Necr           8%         N/A       14%         1
 Apportation              Tloc           8%         N/A       14%         1
 Corona                   Hex            4%         N/A       14%         1
 Ensorcelled Hibernation  Hex/Ice        8%         N/A       22%         2
 Passwall                 Tmut/Erth      3%         N/A       22%         2
 Static Discharge         Conj/Air       4%         N/A       22%         2
 Summon Lightning Spire   Summ/Air       18%        N/A       26%         4
 Swiftness                Air            4%         N/A       38%         3
 Tukima's Dance           Hex            4%         N/A       38%         3
 Dispel Undead            Necr           4%         3d7       80%         4
 Sticky Flame             Conj/Fire      4%         2d3       80%         4
 Invisibility             Hex            2%         N/A       100%        6


Dungeon Overview and Level Annotations

Branches:
Dungeon (6/15)
 Temple: D:4-7

Altars:
Elyvilon
Zin

Annotations:
D:1 exclusion: 2 downstairs
D:2 exclusion: gnoll
D:3 exclusions: 2 downstairs and upstairs
D:4 Dowan, Duvessa, Edmund, Eustachio, Robin
D:5 exclusion: downstairs


Innate Abilities, Weirdness & Mutations

You are amphibious.
You cover ground slowly.
You can hop short distances.
You have an extended range of vision and can be seen from far away.


Message History

Your hound bites the wyvern skeleton.
Your quokka bites the wyvern skeleton.
The wyvern skeleton closely misses your quokka.
Your hound bites the wyvern skeleton.
Your quokka bites the wyvern skeleton.
The wyvern skeleton bites your hound!
Your hound dies!
Your hound's corpse disappears in a puff of smoke!
Your quokka bites the wyvern skeleton.
The wyvern skeleton is destroyed!
Your Summonings skill increases to level 8!
Casting: Summon Small Mammal (safe; 1% risk of failure)
Confirm with . or Enter, or press ? or * to list all spells.
The steam dragon breathes steam at you. The ball of steam hits you!
Your bat is engulfed in a cloud of scalding steam.
Your bat hits the steam dragon but does no damage.
Your bat is engulfed in a cloud of scalding steam.
Your bat dies!
Your bat's corpse disappears in a puff of smoke!
Your quokka is engulfed in a cloud of scalding steam.
Your quokka dies!
Your quokka's corpse disappears in a puff of smoke!
Your hound is engulfed in a cloud of scalding steam.
Your hound completely misses the steam dragon.
Your hound is engulfed in a cloud of scalding steam.
Your hound bites the steam dragon.
The steam dragon breathes steam at you. The ball of steam hits you!!
* * * LOW HITPOINT WARNING * * *
Unknown command.
Hop to where?
Press: ? - help, Dir - move target Boing!
Your hound is engulfed in a cloud of scalding steam.
Your hound closely misses the steam dragon.
Your hound is engulfed in a cloud of scalding steam.
Your hound dies!
Your hound's corpse disappears in a puff of smoke!
The steam dragon breathes steam at you. The ball of steam hits you!!
You die...

##.§.#####...............
#..#....####§).........#
...#....# #°.D.§.....##.
#..#.[..####............
..##.......§§..§......#
.###....##.§§..§......#
.# #.......§§.§.§....>#
####....##......§.....#
h.##<...#..#..##@.....#
#.....[.#.##..##......#
...#.##.#...#.###........
##.....................##
##..###........#.......#
#..######..#.#.........#
..###......#.###........#
.####.###..#.# .......#
.###..#......###.........


You could see a steam dragon (catching breath).

Vanquished Creatures
  A phantom (D:3)
  An endoplasm (D:1)
  A hobgoblin (D:1)
  A goblin (D:1)
  A kobold (D:1)
  2 rats
7 creatures vanquished.

Vanquished Creatures (collateral kills)
  3 ogres
  A necrophage (D:5)
  A wyvern skeleton (D:6)
  5 wights
  A howler monkey (D:5)
  A centaur zombie (D:6)
  A centaur skeleton (D:6)
  A hound (D:6)
  A jelly (D:5)
  Ijyb (D:3)
  2 iguanas
  2 orc wizards
  A hound skeleton (D:4)
  4 gnolls (D:5)
  2 adders
  2 white imps (D:5)
  5 worms
  2 dart slugs
  5 orcs
  4 endoplasms
  2 giant cockroaches
  6 goblins
  3 hobgoblins
  12 jackals
  2 quokkas
  8 ball pythons
  3 bats
  A frilled lizard (D:2)
  A kobold (D:4)
  2 rats (D:2)
85 creatures vanquished.

Grand Total: 92 creatures vanquished

Notes
Turn   | Place    | Note
-------+----------+-------------------------------------------
     0 | D:1      | H0rd4k the Barachi Summoner began the quest for the Orb.
     0 | D:1      | Reached XP level 1. HP: 13/13 MP: 3/3
   165 | D:1      | Reached skill level 5 in Summonings
   461 | D:1      | Reached XP level 2. HP: 14/19 MP: 0/5
  1520 | D:2      | Reached skill level 1 in Fighting
  1520 | D:2      | Reached XP level 3. HP: 25/26 MP: 6/6
  1531 | D:2      | Learned a level 3 spell: Call Canine Familiar
  3054 | D:3      | Noticed Ijyb
  3565 | D:3      | Killed Ijyb
  3566 | D:3      | Reached XP level 4. HP: 23/32 MP: 2/8
  4060 | D:2      | Reached skill level 6 in Summonings
  4153 | D:4      | Noticed Duvessa
  4153 | D:4      | Noticed Dowan
  4211 | D:4      | Noticed an orc warrior
  4216 | D:4      | Noticed Edmund
  4332 | D:4      | Noticed a phantom
  4433 | D:3      | Killed a phantom
  4434 | D:3      | Reached XP level 5. HP: 32/37 MP: 2/10
  4734 | D:4      | Noticed Eustachio
  4761 | D:4      | Noticed Robin
  4767 | D:5      | Entered Level 5 of the Dungeon
  5294 | D:5      | Noticed an ogre
  5313 | D:5      | Killed an ogre
  5398 | D:5      | Found a white marble altar of Elyvilon.
  5423 | D:5      | Found a glowing silver altar of Zin.
  5434 | D:5      | Reached XP level 6. HP: 35/43 MP: 6/12
  5775 | D:5      | Noticed a necrophage
  5790 | D:5      | Killed a necrophage
  5791 | D:5      | Reached skill level 7 in Summonings
  6247 | D:6      | Noticed a steam dragon
  6470 | D:6      | Reached skill level 5 in Spellcasting
  7113 | D:6      | Reached XP level 7. HP: 27/47 MP: 6/14
  7465 | D:6      | Reached skill level 8 in Summonings
  7472 | D:6      | Killed from afar by a steam dragon

Illustrated notes

Levels and vault maps discovered:
D:1:      minmay_arrival_wavy_path, layout_basic, st_stairs_12
D:2:      layout_basic
D:3:      layout_loops_corners, minmay_liquid_box, uniq_ijyb
D:4:      layout_rooms, dk_noncrumbling_2, solitary_fountain, uniq_robin,
          uniq_edmund, uniq_eustachio, uniq_duvessa
D:5:      layout_loops_corners, lemuel_crystal_altar,
          mainiacjoe_overflow_boulevard
D:6:      kennysheep_windowed_halls, layout_rooms

Skill      XL: |  1  2  3  4  5  6  7 |
---------------+----------------------+-----
Summonings     | 5 6 7 8 |  8.1
Fighting       | 1 2 |  2.3
Spellcasting   | 3 4 5 |  5.2
Staves         | |  0.1
Dodging        | |  2.3
Stealth        | |  1.7

Action                   |  1- 3 |  4- 6 |  7- 9 || total
-------------------------+-------+-------+-------++-------
Melee: Unarmed           |    13 |       |       ||    13
       Staff             |    28 |       |       ||    28
 Cast: Summon Small Mamm |   116 |    78 |    14 ||   208
       Call Canine Famil |    12 |    43 |     3 ||    58
 Abil: Hop               |     2 |     2 |     1 ||     5
Evoke: Wand              |     2 |     2 |       ||     4
  Use: Potion            |     1 |     1 |       ||     2
Armor: Robe              |    13 |     3 |     1 ||    17
Dodge: Dodged            |    54 |    32 |     5 ||    91
